 Dungeon Crawl Stone Soup version 0.29.1-12-g30fa7ad0bf (webtiles) character file.

Game seed: 14628331601513292690

69 KittyFluff the Trooper (level 4, -2/29 HPs)
             Began as a Gargoyle Berserker on Jan 2, 2023.
             Was a Believer of Trog.
             Slain by a gnoll
             ... wielding a +0 spear
              (4 damage)
             ... on level 2 of the Dungeon.
             The game lasted 00:07:47 (1436 turns).

KittyFluff the Trooper (Gargoyle Berserker)         Turns: 1436, Time: 00:07:48

Health: -2/29      AC:  7    Str: 21    XL:     4   Next: 20%
Magic:  0/4        EV: 12    Int:  7    God:    Trog [**....]
Gold:   63         SH:  0    Dex: 11    Spells: 3/3 levels left

rFire   . . .      SeeInvis .   a - +0 mace
rCold   . . .      Faith    .   (no shield)
rNeg    + . .      Spirit   +   i - +2 robe {Will+}
rPois   ∞          Reflect  .   (no helmet)
rElec   +          Harm     .   (no cloak)
rCorr   .          Rampage  .   (no gloves)
Will    +....                   (no boots)
Stlth   +.........              f - amulet of guardian spirit
HPRegen 0.09/turn               (no ring)
MPRegen 0.09/turn               (no ring)

@: on berserk cooldown, flying, slowed, very slow
A: sickness immunity, AC +3, negative energy resistance 1, electricity
resistance, torment resistance 1, petrification resistance
a: Renounce Religion, Berserk, Trog's Hand


You were on level 2 of the Dungeon.
You worshipped Trog.
Trog was pleased with you.
You visited 1 branch of the dungeon, and saw 2 of its levels.

You collected 63 gold pieces.

Inventory:

Hand Weapons
 a - a +0 mace (weapon)
Missiles
 l - 6 stones (quivered)
Armour
 i - a +2 robe of willpower (worn)
Jewellery
 f - an amulet of guardian spirit (around neck)
Scrolls
 b - a scroll of enchant armour {unknown}
 d - a scroll of immolation {unknown}
 h - a scroll of enchant weapon {unknown}
 m - a scroll of magic mapping {unknown}
 n - a scroll of identify {unknown}
Potions
 c - a potion of flight
 e - a potion of resistance {unknown}
 g - a potion of ambrosia {unknown}
 j - a potion of mutation {unknown}
 k - a potion of degeneration {unknown}


   Skills:
 + Level 3.9 Fighting
 + Level 3.8 Maces & Flails
 * Level 2.8 Armour
 + Level 1.9 Dodging
 + Level 0.4 Stealth


You had 3 spell levels left.
You didn't know any spells.
Your spell library was empty.

Dungeon Overview and Level Annotations

Branches:
Dungeon (2/15)

Altars:


Innate Abilities, Weirdness & Mutations

You are immune to sickness and miasma.
Your stone body is resilient. (AC +3)
You are immune to poison.
You resist negative energy. (rN+)
You are resistant to electric shocks. (rElec)
You are resistant to unholy torment.
You are immune to petrification.


Message History

The jackal barely misses you.
You miss the jackal.
The jackal is severely wounded.
The jackal bites you but does no damage.
You hit the jackal but do no damage.
The jackal is severely wounded.
The jackal bites you but does no damage.
You hit the jackal.
You kill the jackal!
Trog accepts your kill.
You closely miss the jackal.
You are no longer berserk.
You are exhausted.
You feel yourself slow down. The jackal bites you.
The gnoll hits you from afar with a +0 spear.
* * * LOW HITPOINT WARNING * * *
You hit the jackal.
You kill the jackal!
Trog accepts your kill. The gnoll barely misses you.
The gnoll hits you but does no damage. The gnoll barely misses you.
Things that are here:
a +0 halberd; a jackal corpse You barely miss the gnoll.
The gnoll barely misses you. The gnoll hits you with a +0 spear.
* * * LOW HITPOINT WARNING * * *
You hit the gnoll.
The gnoll is heavily wounded.
The gnoll closely misses you. The gnoll hits you but does no damage.
You closely miss the gnoll.
The gnoll is heavily wounded.
The gnoll misses you. The gnoll barely misses you.
You completely miss the gnoll.
The gnoll is heavily wounded.
The gnoll hits you with a +0 spear.
* * * LOW HITPOINT WARNING * * *
It was a potion of flight.
You feel very buoyant.
You fly up into the air.
The gnoll hits you with a +0 spear.
You die...

##### ##### #... .
#...#########.###....
###.#.......)@gh....#
#.......#######.##..#
#.##.##.# #.# #
#.##.##.# #..
#....##.# ###. #..
#..####.# .. #..
#.......# #.# #..
##.###### #.#######
#.. ####.####
###.......###..


You could see a gnoll and a jackal.

Vanquished Creatures
  2 gnolls (D:2)
  A worm (D:2)
  2 dart slugs (D:1)
  4 ball pythons
  5 bats
  2 endoplasms (D:1)
  5 goblins (D:1)
  3 hobgoblins
  6 jackals
  5 frilled lizards
  3 kobolds (D:1)
  3 rats (D:1)
41 creatures vanquished.

Vanquished Creatures (others)
  A plant (D:1)
1 creature vanquished.

Grand Total: 42 creatures vanquished

Notes
Turn   | Place    | Note
-------+----------+-------------------------------------------
     0 | D:1      | KittyFluff the Gargoyle Berserker began the quest for the
                  | Orb.
     0 | D:1      | Reached XP level 1. HP: 14/14 MP: 1/1
   292 | D:1      | Reached XP level 2. HP: 14/19 MP: 2/2
   597 | D:1      | Reached XP level 3. HP: 21/24 MP: 3/3
   746 | D:1      | Found a faded altar of an unknown god.
   799 | D:1      | Reached ** piety under Trog
  1423 | D:2      | Reached XP level 4. HP: 16/29 MP: 1/4
  1436 | D:2      | Slain by a gnoll

Illustrated notes

Levels and vault maps discovered:
D:1:      scummos_arrival_checkerplants, layout_basic,
          shapermc_ecumenical_altar_ellora, minmay_unequal
D:2:      layout_loops_cross, basic_altar, item_on_display_a, uniq_sigmund

Action                   |  1- 3 |  4- 6 || total
-------------------------+-------+-------++-------
Melee: Mace              |   101 |    12 ||   113
       Punch             |     2 |       ||     2
Throw: Stone             |     1 |       ||     1
Invok: Berserk           |     2 |       ||     2
  Use: Potion            |       |     1 ||     1
 Stab: Sleeping          |     2 |       ||     2
Armor: Animal skin       |    18 |       ||    18
       Robe              |    18 |     5 ||    23
Dodge: Dodged            |    78 |     9 ||    87
